 Dungeon Crawl Stone Soup version 0.19.5 (webtiles) character file.

77 JeffiDaFish the Chiller (level 4, -2/27 HPs)
             Began as a High Elf Ice Elementalist on Mar 29, 2017.
             Killed by nerve-wracking pain
             ... invoked by Grinder
              (8 damage)
             ... on level 3 of the Dungeon.
             The game lasted 00:09:15 (2280 turns).

JeffiDaFish the Chiller (High Elf Ice Elementalist) Turns: 2280, Time: 00:09:15

Health: -2/27      AC:  5    Str:  7    XL:     4   Next: 14%
Magic:  5/9        EV: 12    Int: 18    God:
Gold:   71         SH:  0    Dex: 17    Spells: 2 memorised, 6 levels left

rFire  x . .     SeeInvis .     i - +0 short sword
rCold  + . .     Gourm    .     h - +0 leather armour
rNeg   . . .     Faith    .     (no shield)
rPois  +         Spirit   .     (no helmet)
rElec  .         Reflect  .     d - +0 cloak
rCorr  .         Harm     .     (no gloves)
MR     .....                    a - +0 pair of boots
Stlth  ++........               m - amulet of rage (curse)
                                g - ring of poison resistance
                                e - ring of ice

@: no status effects
A: no striking features
a: Evoke Berserk Rage


You were on level 3 of the Dungeon.
You were not hungry.

You visited 1 branch of the dungeon, and saw 3 of its levels.

You collected 71 gold pieces.

Inventory:

Hand Weapons
 i - a +0 short sword (weapon)
Armour
 a - a +0 pair of boots (worn)
 d - a +0 cloak (worn)
 h - a +0 leather armour (worn)
Jewellery
 e - a ring of ice (left hand)
 g - a ring of poison resistance (right hand)
 m - a cursed amulet of rage (around neck)
Scrolls
 k - a scroll of remove curse
Books
 b - a book of Frost

   Spells                             Type                      Level
   a - Freeze                         Ice                          1
   b - Throw Frost                    Conjuration/Ice              2
   c - Ozocubu's Armour               Charms/Ice                   3
   d - Throw Icicle                   Conjuration/Ice              4
   e - Summon Ice Beast               Ice/Summoning                4
Comestibles
 c - 2 bread rations
 f - 3 meat rations
 n - 3 fruits


   Skills:
 + Level 0.6 Fighting
 + Level 1.2 Short Blades
 + Level 0.5 Armour
 - Level 2.5 Dodging
 + Level 2.2 Stealth
 * Level 3.3 Spellcasting
 + Level 1.3 Conjurations
 * Level 3.8 Ice Magic


You had 6 spell levels left.
You knew the following spells:

 Your Spells              Type           Power        Failure   Level  Hunger
a - Freeze                Ice            ####         6%          1    None
b - Throw Frost           Conj/Ice       ###...       14%         2    ##.....


Dungeon Overview and Level Annotations

Branches:
Dungeon (3/15)

Altars:

Annotations:
D:3 Grinder


Message History

The iguana is severely wounded.
Casting: Freeze
Confirm with . or Enter, or press ? or * to list all spells.
Aiming: Freeze
Press: ? - help, Shift-Dir - straight line, f/p - iguana
Aim: an iguana (severely wounded, slow)
You feel a surge of power!
You freeze the iguana.
The iguana is almost dead.
The iguana closely misses you.
You barely miss the iguana.
The iguana is almost dead.
The iguana bites you.
* * * LOW HITPOINT WARNING * * *
You hit the iguana.
You kill the iguana!
Your Short Blades skill increases to level 1!
You have reached level 4!
Grinder gestures at you. Pain shoots through your body!
You die...

## .. .# .#######
.l.....#
.#####.###########
.## #........5.@#
..################
.......# ..####.#
.... ...## ...#
.... ..#.#


You could see Grinder.

Vanquished Creatures
  An iguana (D:3)
  An ooze (D:1)
  A worm (D:2)
  A dart slug (D:1)
  2 leopard geckos (D:2)
  8 goblins
  2 hobgoblins
  4 kobolds (D:1)
  3 quokkas
  7 bats
  7 frilled lizards
  4 rats
41 creatures vanquished.

Notes
Turn   | Place    | Note
-------+----------+-------------------------------------------
     0 | D:1      | JeffiDaFish the High Elf Ice Elementalist began the quest for the Orb.
     0 | D:1      | Reached XP level 1. HP: 11/11 MP: 4/4
   243 | D:1      | Reached XP level 2. HP: 9/17 MP: 2/6
   252 | D:1      | Learned a level 2 spell: Throw Frost
  1054 | D:1      | Reached XP level 3. HP: 21/21 MP: 1/8
  1955 | D:3      | Noticed Grinder
  2006 | D:3      | Paralysed by Grinder for 2 turns
  2279 | D:3      | Reached skill level 1 in Short Blades
  2279 | D:3      | Reached XP level 4. HP: 6/27 MP: 5/9
  2280 | D:3      | Killed from afar by Grinder

Skill      XL: |  1  2  3 |
---------------+----------+-----
Spellcasting   | 3 |  3.3
Short Blades   | 1 |  1.2
Fighting       | |  0.6
Armour         | |  0.5
Dodging        | |  2.5
Stealth        | |  2.2
Conjurations   | |  1.3
Ice Magic      | |  3.8

Action                   |  1- 3 |  4- 6 || total
-------------------------+-------+-------++-------
Melee: Unarmed           |     7 |       ||     7
       Short sword       |    68 |       ||    68
       Dagger            |    10 |       ||    10
 Cast: Freeze            |    34 |       ||    34
       Throw Frost       |    19 |       ||    19
  Use: Potion            |     9 |       ||     9
       Scroll            |     1 |       ||     1
 Stab: Sleeping          |     2 |       ||     2
  Eat: Chunk             |     5 |       ||     5
Armor: Robe              |    11 |       ||    11
       Leather armour    |    28 |       ||    28
Dodge: Dodged            |    76 |       ||    76
